 Dungeon Crawl Stone Soup version 0.26-a0-651-gb41185065b (webtiles) character file.

Game seed: 8196856259283898585

95 toffzen the Covert (level 4, -8/22 HPs)
             Began as a Spriggan Brigand on Oct 10, 2020.
             Mangled by a centaur (10 damage)
             ... on level 3 of the Dungeon.
             The game lasted 00:08:15 (2725 turns).

toffzen the Covert (Spriggan Brigand)               Turns: 2725, Time: 00:08:15

Health: -8/22      AC:  3    Str:  7    XL:     4   Next: 40%
Magic:  5/5        EV: 17    Int: 13    God:
Gold:   66         SH:  0    Dex: 17    Spells: 3/3 levels left

rFire    . . .     SeeInvis +   a - +2 dagger
rCold    . . .     Faith    .   (shield restricted)
rNeg     . . .     Spirit   .   b - +0 robe
rPois    .         Reflect  .   (helmet restricted)
rElec    .         Harm     .   c - +0 cloak
rCorr    .         Rampage  .   (gloves unavailable)
MR       .....                  (boots unavailable)
Stlth    ++++......             n - amulet of the acrobat
HPRegen  0.07/turn              (no ring)
MPRegen  0.09/turn              (no ring)

@: very quick
A: very small, unfitting armour, see invisible, speed 3
a: no special abilities


You were on level 3 of the Dungeon.
You visited 1 branch of the dungeon, and saw 3 of its levels.

You collected 66 gold pieces.

Inventory:

Hand Weapons
 a - a +2 dagger (weapon)
Missiles
 d - 4 poisoned darts (quivered)
 e - 5 curare-tipped darts
 k - 4 stones
 l - 7 atropa-tipped darts
 m - 16 sling bullets
Armour
 b - a +0 robe (worn)
 c - a +0 cloak (worn)
Jewellery
 n - an amulet of the acrobat (around neck)
Scrolls
 f - a scroll of remove curse
 g - 3 scrolls of teleportation
 h - 3 scrolls of enchant armour
Potions
 i - a potion of stabbing
 j - 2 potions of flight


   Skills:
 - Level 1.5 Fighting
 - Level 2.1 Short Blades
 - Level 2.0 Throwing
 - Level 1.5 Dodging
 + Level 9.0 Stealth


You had 3 spell levels left.
You didn't know any spells.
Your spell library was empty.

Dungeon Overview and Level Annotations

Branches:
Dungeon (3/15)

Altars:
Gozag

Annotations:
D:2 Natasha
D:3 exclusion: upstairs


Innate Abilities, Weirdness & Mutations

You are very small and have problems with some larger weapons.
You are too small for most types of armour.
You have supernaturally acute eyesight. (SInv)
You cover ground extremely quickly.


Message History

The centaur is poisoned.
The centaur misses you.
You hit the centaur.
The centaur is moderately wounded.
The centaur barely misses you. x2
You hit the centaur.
The centaur is moderately wounded.
The centaur barely misses you.
Throwing (i - inventory. (/) - cycle)
d - 5 poisoned darts (quivered)
Press: ? - help, Shift-Dir - straight line, f/p - centaur
Aim: a centaur, quivering 21 arrows (heavily wounded, poisoned)
You throw a poisoned dart. The poisoned dart hits the centaur.
The centaur looks even sicker.
The centaur is heavily wounded.
The centaur closely misses you.
You hit the centaur.
The centaur is severely wounded.
The centaur hits you!
* * * LOW HITPOINT WARNING * * *
The centaur hits you!
You die...

..# #.# #.# .. ..#
##'## #.# .# # #.#
##...## #.# S# .#
#.###.....## #.##$##.#
#.##.......###.......#
#.#.................#
..+..............>..#
#.#..........###K?..#
#.##.......#.# #@...#
..###.....##.# #.c..#
#.# ##...###.# #....#
#.# ##+## #.# #.##(#
..# #.. ... .# ..# ###
#.# # ..# #.# .## #.#
.


You could see a centaur (very poisoned), an adder and a kobold.

Vanquished Creatures
  Natasha (D:2)
  2 adders
  A worm (D:2)
  3 dart slugs
  4 leopard geckos
  A ball python (D:2)
  A giant cockroach (D:2)
  6 goblins
  4 hobgoblins
  2 jackals (D:1)
  5 bats
  2 frilled lizards
  5 kobolds
  4 rats (D:1)
41 creatures vanquished.

Notes
Turn   | Place    | Note
-------+----------+-------------------------------------------
     0 | D:1      | toffzen the Spriggan Brigand began the quest for the Orb.
     0 | D:1      | Reached XP level 1. HP: 10/10 MP: 2/2
    54 | D:1      | Reached skill level 6 in Stealth
   226 | D:1      | Reached XP level 2. HP: 14/14 MP: 3/3
   530 | D:1      | Reached skill level 7 in Stealth
  1265 | D:2      | Reached XP level 3. HP: 18/18 MP: 4/4
  1471 | D:2      | Found an opulent altar of Gozag.
  1727 | D:2      | Noticed Natasha
  1740 | D:2      | Killed Natasha
  1740 | D:2      | Reached skill level 8 in Stealth
  1740 | D:2      | Reached XP level 4. HP: 11/22 MP: 5/5
  2224 | D:2      | Noticed Natasha
  2704 | D:3      | Reached skill level 9 in Stealth
  2717 | D:3      | Noticed a centaur
  2725 | D:3      | Mangled by a centaur

Illustrated notes

Levels and vault maps discovered:
D:1:      saegor_arrival_simple_e, layout_basic, kennysheep_boxes
D:2:      layout_basic, lemuel_doored_altar, minmay_domino_2, uniq_jessica,
          uniq_natasha
D:3:      layout_loops_corners

Skill      XL: |  1  2  3  4 |
---------------+-------------+-----
Stealth        | 6 7 8 9 |  9.0
Fighting       | |  1.5
Short Blades   | |  2.1
Throwing       | |  2.0
Dodging        | |  1.5

Action                   |  1- 3 |  4- 6 || total
-------------------------+-------+-------++-------
Melee: Dagger            |    74 |    22 ||    96
Throw: Dart              |    13 |    12 ||    25
       Stone             |       |     1 ||     1
  Use: Potion            |     2 |       ||     2
       Scroll            |       |     6 ||     6
 Stab: Sleeping          |    11 |     7 ||    18
Armor: Robe              |     7 |     1 ||     8
Dodge: Dodged            |    57 |    13 ||    70

Table legend: (Time is in decaauts)
 A = Elapsed time spent in this place.
 B = Non-inter-level travel time spent in this place.
 C = Inter-level travel time spent in this place.
 D = Time resting spent in this place.
 E = Time spent auto-exploring this place.
 F = Levels seen in this place.
 G = Mean time per level.
                   A        B        C        D        E       F      G
               +--------+--------+--------+--------+--------+-----+--------+
         Total |   2012 |   2000 |     12 |    747 |    255 |   3 |  670.7 |
       Dungeon |   2012 |   2000 |     12 |    747 |    255 |   3 |  670.7 |
               +--------+--------+--------+--------+--------+-----+--------+

Top non-repeatable levels by time:
     D:2: 904 daAuts
     D:1: 789 daAuts
     D:3: 319 daAuts
